Map: Jagannatha LE

Players

PattyMac

  • Race: Terran Terran
  • League: Grandmaster
  • Spawn Location: 7:00

WaEsOpH - Winner!

  • Race: Zerg Zerg
  • League: Master
  • Spawn Location: 1:00

VOD

Have the link to the VOD?

Description

Time

  • Played on: Feb. 10, 2021, 1:59 a.m.
  • Length: 8:04
Show
View Real Time Build Order
Export as new Build Order

PattyMac Terran 

Build Orders: Reaper Expand, Hellion Banshee 

Get SALT Encoding   

  12  0:00  SCV  
  13  0:12  SCV  
  14  0:17  Supply Depot  
  14  0:25  SCV  
  15  0:39  SCV  
  15  0:41  Barracks  
  16  0:44  Refinery  
  16  0:51  SCV  
  17  1:03  SCV  
  18  1:15  SCV  
  19  1:28  Reaper, Orbital Command  
  20  1:43  Command Center  
  20  1:54  SCV  
  20  2:00  Marine  
  22  2:02  Supply Depot  
  22  2:06  SCV  
  23  2:13  Factory  
  23  2:20  Refinery  
  23  2:23  SCV  
  23  2:26  Barracks Reactor  
  24  2:35  SCV  
  25  2:48  SCV  
  26  2:55  Orbital Command  
  26  2:58  Starport  
  26  3:00  SCV  
  27  3:07  Hellion x2  
  27  3:11  Barracks Tech Lab  
  31  3:14  SCV  
  32  3:22  Supply Depot  
  32  3:24  SCV  
  32  3:26  SCV  
  33  3:36  SCV  
  33  3:37  Hellion x2  
  33  3:38  SCV  
  39  3:42  Cloaking Field  
  39  3:43  Banshee  
  39  3:48  SCV  
  43  3:50  SCV  
  44  3:58  Hellion x2  
  44  4:00  Supply Depot  
  44  4:01  SCV  
  44  4:02  SCV  
  50  4:06  Barracks Tech Lab  
  50  4:13  SCV  
  50  4:14  SCV  
  52  4:24  Command Center  
  52  4:25  SCV  
  52  4:26  SCV  
  54  4:33  Stimpack, Banshee  
  54  4:37  SCV  
  58  4:38  SCV, Supply Depot  
  58  4:42  Barracks  
  59  4:47  Barracks  
  59  4:48  Factory Reactor  
  59  4:50  SCV  
  59  4:51  SCV  
  61  4:55  Engineering Bay  
  61  4:58  Engineering Bay  
  61  5:04  Refinery  
  61  5:06  Refinery  
  61  5:14  SCV x2  
  63  5:25  Terran Infantry Armor Level 1, Terran Infantry Weapons Level 1  
  63  5:28  Starport Reactor  
  63  5:29  Marine  
  63  5:32  Marine x2  
  63  5:33  Barracks  
  66  5:37  Barracks, Orbital Command  
  66  5:39  SCV x2  
  66  5:42  Marine  
  69  5:44  Marine  
  69  5:46  Marine  
  71  5:50  Marine x2  
  71  5:54  Siege Tank  
  76  5:57  Orbital Command  
  76  5:58  Supply Depot  
  76  6:00  Marine  
  77  6:07  Supply Depot  
  77  6:08  Marine  
  77  6:09  Armory  
  78  6:12  SCV x2, Marine  
  78  6:15  Marine  
  78  6:17  Marine  
  83  6:19  Combat Shield  
  83  6:23  SCV  
  83  6:24  SCV  
  85  6:29  Barracks Reactor x2  
  85  6:33  SCV  
  85  6:34  Marine x3  
  85  6:35  SCV  
  85  6:37  SCV, Supply Depot  
  91  6:42  Medivac x2  
  91  6:44  Siege Tank  
  98  6:48  SCV x2  
  98  6:52  Marine  
  101  6:55  Missile Turret  
  101  6:56  Missile Turret  
  101  6:58  Marine x2  
  101  7:00  Supply Depot  
  101  7:01  Missile Turret  
  102  7:07  Marine x4  
  105  7:10  SCV x3  
  105  7:12  Marine  
  109  7:20  Marine x2  
  109  7:22  SCV x2  
  107  7:24  Marine x2  
  109  7:33  Marine x2  
  109  7:36  Factory Tech Lab  
  110  7:40  Marine x5  
  110  7:42  Marine x2  
  110  7:43  Refinery  
Show
View Real Time Build Order
Export as new Build Order

WaEsOpH Zerg - Winner!

Build Orders: Hatch First, Muta Ling Bane 

Get SALT Encoding   

  12  0:00  Drone  
  13  0:12  Overlord  
  13  0:17  Drone  
  14  0:30  Drone x2  
  16  0:48  Hatchery  
  15  0:50  Drone  
  15  0:55  Drone  
  17  0:58  Drone  
  18  1:10  Extractor  
  17  1:14  Spawning Pool  
  17  1:17  Drone  
  17  1:20  Drone  
  18  1:28  Drone  
  19  1:39  Drone  
  20  1:49  Drone  
  21  2:00  Overlord  
  21  2:01  Queen x2  
  21  2:02  Zergling x2  
  26  2:10  Drone  
  26  2:11  Zergling x2  
  26  2:15  Metabolic Boost  
  28  2:22  Drone x2  
  30  2:33  Drone  
  30  2:34  Drone  
  30  2:37  Queen  
  32  2:42  Queen  
  32  2:43  Overlord  
  36  2:47  Overlord  
  36  3:03  Drone  
  36  3:05  Drone  
  38  3:06  Hatchery  
  38  3:08  Drone  
  38  3:23  Drone x3  
  38  3:26  Drone x2  
  38  3:27  Drone x2  
  45  3:33  Overlord  
  45  3:34  Drone  
  45  3:41  Drone, Lair  
  46  3:42  Drone  
  48  3:49  Queen, Extractor x3  
  48  3:50  Overlord  
  47  3:58  Drone x2, Baneling Nest  
  48  4:03  Drone x2  
  48  4:04  Drone  
  48  4:09  Drone x2  
  53  4:17  Drone x2  
  55  4:18  Overlord  
  55  4:25  Drone  
  55  4:27  Queen  
  59  4:31  Zergling x6  
  59  4:37  Spore Crawler  
  59  4:38  Spore Crawler  
  58  4:41  Overseer  
  58  4:43  Zergling x2  
  59  4:45  Overseer  
  59  4:48  Drone x2  
  59  4:49  Spore Crawler  
  59  4:50  Drone  
  61  4:59  Drone, Spire  
  61  5:15  Overlord  
  61  5:17  Zergling x2  
  61  5:18  Zergling x4  
  61  5:19  Drone x6  
  61  5:21  Drone  
  71  5:26  Overlord  
  71  5:29  Centrifical Hooks  
  71  5:31  Zergling x2  
  71  5:34  Zergling x4  
  74  5:41  Overlord  
  74  5:48  Baneling x2  
  74  5:49  Zergling x2  
  76  5:50  Zergling x4  
  76  5:52  Overlord  
  76  5:55  Zergling x4  
  78  6:11  Mutalisk x2  
  78  6:12  Mutalisk x6  
  78  6:17  Mutalisk  
  96  6:25  Mutalisk  
  96  6:28  Zergling x2  
  96  6:29  Zergling x16  
  105  6:35  Mutalisk  
  107  6:43  Zergling x6  
  107  6:44  Baneling x4  
  111  6:47  Zergling x6  
  113  6:56  Overlord x3  
  113  7:01  Overseer  
  113  7:09  Overlord x2  
  113  7:18  Zergling x16  
  120  7:22  Baneling  
  120  7:23  Baneling x14  
  120  7:35  Zergling x2  
  120  7:36  Zergling x14  
  126  7:37  Baneling  
  126  7:38  Baneling x5  
Tags
 
Add a new tag
Caveats
  • Supply blocks, unpowered buildings, or Contaminate may cause inaccurate times.
  • Supply counts are checked every 10 seconds.